 Dungeon Crawl Stone Soup version 0.17-a0-1368-g6ab37f2 (webtiles) character file.

75 TheArzonite the Chopper (level 4, -5/41 HPs)
             Began as a Minotaur Berserker on June 12, 2015.
             Was a Believer of Trog.
             Slain by Sigmund
             ... wielding a +0 scythe
              (7 damage)
             ... on level 3 of the Dungeon.
             The game lasted 00:07:05 (1888 turns).

TheArzonite the Chopper (Minotaur Berserker)        Turns: 1888, Time: 00:07:05

Health: -5/41      AC: 10    Str: 22    XL:     4   Next: 11%
Magic:  3/3        EV:  8    Int:  4    God:    Trog [**....]
Gold:   120        SH:  0    Dex: 10    Spells: 0 memorised, 3 levels left

rFire  . . .     SeeInvis .     a - +0 hand axe
rCold  . . .     Clarity  .     d - +0 chain mail
rNeg   . . .     SustAt   .     (no shield)
rPois  .         Gourm    .     (helmet restricted)
rElec  .         Spirit   .     u - +0 cloak
rCorr  .         Warding  .     (no gloves)
rMut   .         Stasis   .     (no boots)
MR     .....                    (no amulet)
Stlth  ..........               (no ring)
                                (no ring)

@: not resistant to hostile enchantments, extremely unstealthy
A: retaliatory headbutt, horns 2
a: Burn Spellbooks, Berserk, Trog's Hand, Renounce Religion


You were on level 3 of the Dungeon.
You worshipped Trog.
Trog was pleased with you.
You were full.

You visited 1 branch of the dungeon, and saw 3 of its levels.

You collected 120 gold pieces.

Inventory:

Hand weapons
 a - a +0 hand axe (weapon)
Armour
 b - a +0 animal skin
 d - a +0 chain mail (worn)
 f - a +0 ring mail
 u - a +0 cloak (worn)
Jewellery
 t - a cursed -3 ring of intelligence {unknown}
 v - a +5 ring of dexterity {unknown}
Scrolls
 e - 2 scrolls of teleportation {unknown}
 g - 2 scrolls of enchant weapon {unknown}
 k - a scroll of fear {unknown}
 l - 2 scrolls of random uselessness {unknown}
 m - a scroll of fog {unknown}
 o - a scroll of immolation {unknown}
 p - a scroll of magic mapping {unknown}
 r - a scroll of recharging {unknown}
 x - a scroll of blinking {unknown}
 y - a scroll of remove curse {unknown}
 B - a scroll of amnesia {unknown}
Potions
 h - a potion of haste {unknown}
 i - a potion of brilliance {unknown}
 j - 4 potions of curing {unknown}
 n - a potion of agility {unknown}
 s - a potion of resistance {unknown}
 w - a potion of heal wounds {unknown}
 z - a potion of cancellation {unknown}
 A - a potion of might {unknown}
Comestibles
 c - 2 bread rations


   Skills:
 + Level 4.4 Fighting
 + Level 4.4 Axes
 + Level 3.2 Armour
 + Level 2.9 Dodging


You had 3 spell levels left.
You didn't know any spells.

Dungeon Overview and Level Annotations

Branches:
Dungeon (3/15)

Altars:

Annotations:
D:3 Sigmund


Innate Abilities, Weirdness & Mutations

You reflexively headbutt those who attack you in melee.
You have a pair of horns on your head.


Message History

Something hits you but does no damage.
You hear some strange, mumbled words.
You are confused.
You bump into the rock wall.
Something hits you but does no damage.
You bump into the rock wall.
You feel less confused. Something hits you but does no damage.
A magic dart appears from out of thin air!
The magic dart hits you!
* * * LOW HITPOINT WARNING * * *
You continue eating.
Something hits you but does no damage.
You continue eating.
You finish eating.
That meat ration really hit the spot!
There isn't anything here!
There's nothing to close nearby.
There's nothing to close nearby.
Something hits you!
You die...

#.######......#.##.#
#.....#######.#.##.#
#.###.# #...##.# #.#
#..###.# #.#
#..###.# ..#
##......# ###
#.....### #.#.#.#
#.#.#@# #.#.#.# ###
#.#.#.# ..#
######.....# #.#
#........### #.#
#.######## #.#####.#
#.......# #########


There were no monsters in sight!

Vanquished Creatures
  Jessica (D:3)
  An adder (D:3)
  A worm (D:2)
  A giant gecko (D:3)
  2 giant cockroaches (D:1)
  5 hobgoblins
  2 quokkas
  7 bats
  5 goblins
  4 kobolds
  8 rats
37 creatures vanquished.

Notes
Turn   | Place    | Note
--------------------------------------------------------------
     0 | D:1      | TheArzonite the Minotaur Berserker began the quest for the Orb.
     0 | D:1      | Reached XP level 1. HP: 19/19 MP: 0/0
   259 | D:1      | Reached XP level 2. HP: 12/27 MP: 1/1
   277 | D:1      | Reached skill level 4 in Axes
   721 | D:1      | Acquired Trog's second power
   944 | D:2      | Found a faded altar to an unknown god.
  1189 | D:2      | Reached XP level 3. HP: 29/33 MP: 2/2
  1586 | D:3      | Noticed Jessica
  1592 | D:3      | Killed Jessica
  1815 | D:3      | Reached XP level 4. HP: 34/41 MP: 3/3
  1855 | D:3      | Noticed Sigmund
  1885 | D:3      | HP: 1/41 [something/magic dart (11)]
  1888 | D:3      | Slain by Sigmund

Vault maps used:
D:1:      onia_arrival_pentagram, minmay_misc_feat_square
D:2:      ecumenical_altar_2
D:3:      first_bread, kennysheep_jessica_study, uniq_iyjb, uniq_sigmund

Action                   |  1- 3 |  4- 6 || total
-------------------------+-------+-------++-------
Melee: Hand axe          |    75 |    10 ||    85
  Eat: Chunk             |     2 |       ||     2
       Meat ration       |       |     1 ||     1
